 Dungeon Crawl Stone Soup version 0.25-a0-1007-g10a8c3caa8 (webtiles) character file.

Game seed: 14296166856086770181, levelgen mode: classic

873 Amnesiac the Frost Mage (level 7, -2/36 HPs)
             Began as a Deep Elf Ice Elementalist on May 11, 2020.
             Killed by miscasting Summon Ice Beast (7 damage)
             ... on level 5 of the Dungeon.
             The game lasted 00:08:13 (3551 turns).

Amnesiac the Frost Mage (Deep Elf Ice Elementalist) Turns: 3551, Time: 00:08:13

Health: -2/36      AC:  2    Str:  5    XL:     7   Next: 74%
Magic:  3/18       EV: 15    Int: 22    God:
Gold:   21         SH:  0    Dex: 15    Spells: 4/19 levels left

rFire    . . .     SeeInvis .   a - +0 scimitar
rCold    . . .     Gourm    .   (no shield)
rNeg     . . .     Faith    .   l - +0 robe
rPois    .         Spirit   .   (no helmet)
rElec    .         Reflect  .   (no cloak)
rCorr    .         Harm     .   (no gloves)
MR       .....                  (no boots)
Stlth    ++........             (no amulet)
HPRegen  0.12/turn              (no ring)
MPRegen  0.16/turn              (no ring)

@: very slightly contaminated
A: no striking features
a: no special abilities


You were on level 5 of the Dungeon.
You were not hungry.

You visited 1 branch of the dungeon, and saw 6 of its levels.

You collected 75 gold pieces.
You spent 54 gold pieces at shops.

Inventory:

Hand Weapons
 a - a +0 scimitar (weapon)
Missiles
 f - 2 throwing nets (quivered)
Armour
 l - a +0 robe (worn)
Wands
 m - a wand of flame (1)
Scrolls
 g - a scroll of noise {!r, unknown}
 i - a scroll of immolation {!r, unknown}
 j - 2 scrolls of enchant weapon {!r, unknown}
 k - a scroll of fear {!r, unknown}
 o - 2 scrolls of identify {!r, unknown}
Potions
 b - a potion of might {!q, unknown}
 d - 2 potions of curing {!q, unknown}
 e - 2 potions of heal wounds {!q, unknown}
 h - a potion of mutation {!q, unknown}
 n - a potion of cancellation {!q, unknown}
Comestibles
 c - 5 rations
 p - 2 chunks of flesh


   Skills:
 - Level 4.6 Dodging
 - Level 3.0 Stealth
 + Level 6.5 Spellcasting
 * Level 8.3 Ice Magic
 + Level 1.3 Evocations


You had 4 spell levels left.
You knew the following spells:

 Your Spells              Type           Power        Failure   Level  Hunger
a - Freeze                Ice            ####         1%          1    None
b - Frozen Ramparts       Ice            #####.       1%          3    #......
c - Summon Ice Beast      Ice/Summ       ####....     16%         4    ###....
d - Hailstorm             Conj/Ice       ####....     16%         4    ###....
z - Ozocubu's Armour      Chrm/Ice       ####....     4%          3    #......

Your spell library contained the following spells:

 Spells                   Type           Power        Failure   Level  Hunger


Dungeon Overview and Level Annotations

Branches:
Dungeon (6/15)
 Temple: D:4-7

Altars:
Hepliaklqana
Wu Jian
Yredelemnul
Zin

Shops:
D:5 *

Annotations:
D:5 exclusion: ice beast, Ijyb


Message History

Confirm with . or Enter, or press ? or * to list all spells.
Aiming: Freeze (safe; 1% risk of failure)
Press: ? - help, Shift-Dir - straight line, f/p - adder
Aim: an adder (heavily wounded, slow)
You freeze the adder!
You kill the adder!
You see here a mace.
There is a stone staircase leading down here.
You climb downwards. 3 orcs, an orc wizard and a centaur come into view.
Found a scratched copper ring.
There is a stone staircase leading up here.
The orc shouts!
The orc wizard shouts!
The orc shouts! x2
The centaur wields a +0 shortbow.
The centaur shoots an arrow.
The arrow misses you. The orc hits you with a +0 flail!
You climb upwards.
Level annotation: exclusion: ice beast, Ijyb The ice beast closely misses you.
You riposte.
You hit the ice beast.
The ice beast is lightly wounded.
There is a stone staircase leading down here.
You see here a mace.
Casting: Freeze (safe; 1% risk of failure)
Confirm with . or Enter, or press ? or * to list all spells.
The spell is quite dangerous to cast (16% risk of failure)!
Continue anyway?
Okay, then.
You see here an adder corpse.
Casting: Summon Ice Beast (quite dangerous; 16% risk of failure)
Confirm with . or Enter, or press ? or * to list all spells.
The spell is quite dangerous to cast (16% risk of failure)!
Continue anyway?
A chill wind blows around you. The ice beast misses you.
Casting: Summon Ice Beast (quite dangerous; 16% risk of failure)
Confirm with . or Enter, or press ? or * to list all spells.
The spell is quite dangerous to cast (16% risk of failure)!
Continue anyway?
You miscast Summon Ice Beast.
You are very lightly contaminated with residual magic.
Nothing appears to happen.
Your ice beast freezes the ice beast.
The ice beast completely resists.
The ice beast misses you.
There isn't anything here!
Casting: Summon Ice Beast (quite dangerous; 16% risk of failure)
Confirm with . or Enter, or press ? or * to list all spells.
Okay, then.
Casting: Summon Ice Beast (quite dangerous; 16% risk of failure)
Confirm with . or Enter, or press ? or * to list all spells.
The spell is quite dangerous to cast (16% risk of failure)!
Continue anyway?
You miscast Summon Ice Beast.
Nothing appears to happen.
The ice beast hits you. The ice beast freezes you!
* * * LOW HITPOINT WARNING * * *
Unknown command.
The ice beast hits you but does no damage.
Your ice beast freezes the ice beast.
The ice beast completely resists.
The ice beast hits you.
* * * LOW HITPOINT WARNING * * *
The ice beast freezes you!
* * * LOW HITPOINT WARNING * * *
Unknown command.
The ice beast hits your ice beast but does no damage.
The ice beast barely misses your ice beast.
Your ice beast freezes the ice beast.
The ice beast completely resists.
You see here an adder corpse.
Casting: Summon Ice Beast (quite dangerous; 16% risk of failure)
Confirm with . or Enter, or press ? or * to list all spells.
The spell is quite dangerous to cast (16% risk of failure)!
Continue anyway?
You miscast Summon Ice Beast.
You shiver with cold!
You die...

########## #........#
#........# #........#
#........# #.......(#
###........#### ..
#.......YY.@..# ..
#.#........##.# ..
#........##.# .#
###########.##### #
#.....# #####.# ########
#.#
######......##########.#
.....+...........>...).#


You could see an ice beast and a friendly ice beast (summoned).

Vanquished Creatures
  3 ogres
  A centaur (D:5)
  A howler monkey (D:5)
  4 electric eels (D:5)
  A crimson imp (D:5)
  A quasit (D:5)
  A hound (D:4)
  An orc priest (D:5)
  An orc wizard (D:5)
  2 worker ants (D:5)
  Natasha (twice) (D:4)
  A gnoll (D:3)
  3 adders
  3 dart slugs
  4 leopard geckos
  11 orcs
  A giant cockroach (D:1)
  2 goblins (D:1)
  2 jackals (D:5)
  A ball python (D:4)
  2 bats (D:1)
  A frilled lizard (D:5)
  A rat (D:3)
50 creatures vanquished.

Vanquished Creatures (collateral kills)
  A centaur zombie (D:5)
  An orc (D:5)
2 creatures vanquished.

Grand Total: 52 creatures vanquished

Notes
Turn   | Place    | Note
-------+----------+-------------------------------------------
     0 | D:1      | Amnesiac the Deep Elf Ice Elementalist began the quest for
                  | the Orb.
     0 | D:1      | Reached XP level 1. HP: 10/10 MP: 6/6
   124 | D:1      | Reached XP level 2. HP: 14/15 MP: 4/8
   280 | D:3      | Reached skill level 5 in Ice Magic
   318 | D:4      | Noticed an ogre
   337 | D:3      | Reached XP level 3. HP: 16/19 MP: 7/10
   346 | D:4      | Learned a level 3 spell: Frozen Ramparts
   350 | D:4      | Learned a level 3 spell: Ozocubu's Armour
   371 | D:4      | Killed an ogre
   371 | D:4      | Reached XP level 4. HP: 23/24 MP: 2/12
   600 | D:5      | Entered Level 5 of the Dungeon
   624 | D:4      | Reached skill level 6 in Ice Magic
   624 | D:4      | Reached XP level 5. HP: 28/28 MP: 9/13
   803 | D:5      | Noticed an ice beast
   813 | D:5      | Learned a level 4 spell: Summon Ice Beast
   966 | D:4      | Noticed an ogre
   975 | D:4      | Killed an ogre
   986 | D:4      | Noticed Natasha
   999 | D:4      | Killed Natasha
   999 | D:4      | Reached skill level 5 in Spellcasting
  1025 | D:4      | Noticed Natasha
  1029 | D:4      | Killed Natasha
  1029 | D:4      | Reached XP level 6. HP: 16/32 MP: 9/15
  1035 | D:4      | Learned a level 4 spell: Hailstorm
  1486 | D:4      | Found a basalt altar of Yredelemnul.
  1489 | D:4      | Found an ornate altar of the Wu Jian Council.
  1541 | D:4      | Found a hazy altar of Hepliaklqana.
  1763 | D:5      | Reached skill level 7 in Ice Magic
  1848 | D:5      | Found a glowing silver altar of Zin.
  1903 | D:5      | Found a transporter.
  2803 | D:5      | Reached XP level 7. HP: 36/36 MP: 17/17
  2828 | D:5      | Found Mawk's Assorted Antiques.
  2829 | D:5      | Found a transporter.
  3255 | D:5      | Bought a metallic sapphire potion for 18 gold pieces
  3255 | D:5      | Bought a bubbling orange potion for 18 gold pieces
  3255 | D:5      | Bought a glowing purple potion for 18 gold pieces
  3384 | D:5      | Noticed Ijyb
  3396 | D:5      | Reached skill level 8 in Ice Magic
  3448 | D:5      | Reached skill level 1 in Evocations
  3551 | D:5      | Killed by miscasting Summon Ice Beast

Illustrated notes

Levels and vault maps discovered:
D:1:      ncdulo_smallfort, layout_loops_ring, serial_bayou_crossing
D:2:      layout_loops_ring, kennysheep_flooded_box, hangedman_decor_points,
          uniq_robin
D:3:      layout_basic, grunt_ministairs_13, lemuel_blue_sif_altar
D:4:      layout_loops_corners, nicolae_overflow_hidden_temple, first_ration,
          uniq_natasha
D:5:      gammafunk_steamed_eel, layout_basic, basic_altar, serial_shops, shop,
          uniq_ijyb
D:6:      minmay_angry_zag, layout_rooms, overflow_temple_1_default,
          sword_in_stone

Skill      XL: |  1  2  3  4  5  6  7 |
---------------+----------------------+-----
Stealth        | 3 |  3.0
Ice Magic      | 5 6 7 8 |  8.3
Spellcasting   | 4 5 6 |  6.5
Dodging        | 3 4 |  4.6
Evocations     | 1 |  1.3

Action                   |  1- 3 |  4- 6 |  7- 9 || total
-------------------------+-------+-------+-------++-------
Melee: Unarmed           |     3 |       |       ||     3
       Scimitar          |       |     2 |     7 ||     9
       War axe           |       |     1 |       ||     1
Throw: Throwing net      |       |       |     1 ||     1
 Cast: Freeze            |    19 |    16 |    12 ||    47
       Frozen Ramparts   |     1 |     8 |     5 ||    14
       Summon Ice Beast  |       |       |     2 ||     2
       Ozocubu's Armour  |       |       |     1 ||     1
Evoke: Wand              |       |     4 |     2 ||     6
  Eat: Chunk             |       |     4 |     1 ||     5
       Ration            |       |     1 |       ||     1
Armor: Robe              |     3 |     1 |     7 ||    11
Dodge: Dodged            |     6 |     8 |    22 ||    36
       Rpst.: Scimitar   |       |       |     4 ||     4

Table legend:
 A = Non-vault XP
 B = Vault XP
 C = Vault XP percentage of total XP
 D = Non-vault monster count
 E = Vault monster count
 F = Vault count percentage of total count
                 A         B        C        D         E       F
            +---------+---------+-------+---------+---------+-------
      Total |     983 |     265 |  21.2 |      46 |       6 |  11.5
            +---------+---------+-------+---------+---------+-------
        D:1 |      20 |       0 |   0.0 |       8 |       0 |   0.0
        D:2 |       4 |       0 |   0.0 |       1 |       0 |   0.0
        D:3 |       4 |      14 |  77.8 |       2 |       1 |  33.3
        D:4 |     339 |      35 |   9.4 |      12 |       1 |   7.7
        D:5 |     616 |     216 |  26.0 |      23 |       4 |  14.8
            +---------+---------+-------+---------+---------+-------
